 Dungeon Crawl Stone Soup version 0.23.2-40-g277498a (webtiles) character file.

Game seed: 16473365763701397994

11561 Fang the Fighter (level 11, -5/76 HPs)
             Began as a Gargoyle Berserker on Oct 23, 2019.
             Was a High Priest of Trog.
             Slain by a two-headed ogre
             ... wielding a +0 giant club
              (22 damage)
             ... on level 11 of the Dungeon.
             The game lasted 00:12:58 (10725 turns).

Fang the Fighter (Gargoyle Berserker)              Turns: 10725, Time: 00:12:59

Health: -5/76      AC: 23    Str: 24    XL:     11   Next: 79%
Magic:  11/11      EV: 15    Int:  8    God:    Trog [*****.]
Gold:   687        SH:  0    Dex:  9    Spells: 10/10 levels left

rFire    . . .     SeeInvis .   a - +3 battleaxe
rCold    . . .     Gourm    .   (shield currently unavailable)
rNeg     + . .     Faith    .   b - +1 plate armour
rPois    ∞         Spirit   .   k - +1 hat
rElec    +         Reflect  .   (no cloak)
rCorr    .         Harm     .   (no gloves)
MR       ++...                  (no boots)
Stlth    ..........             (no amulet)
HPRegen  1.22/turn              t - +2 ring of evasion
MPRegen  0.12/turn              y - +4 ring of evasion

@: berserk cooldown, regenerating, slowed, very slow
A: negative energy resistance 1, electricity resistance, unbreathing,
petrification resistance, rot immunity, AC +8
a: Berserk, Trog's Hand, Brothers in Arms, Renounce Religion


You were on level 11 of the Dungeon.
You worshipped Trog.
Trog was extremely pleased with you.
You were very hungry.

You visited 2 branches of the dungeon, and saw 12 of its levels.

You collected 687 gold pieces.

Inventory:

Hand Weapons
 a - a +3 battleaxe (weapon)
Armour
 b - a +1 plate armour (worn)
 k - a +1 hat (worn)
Jewellery
 p - an uncursed ring of protection from cold
 t - a +2 ring of evasion (left hand)
 u - an uncursed ring of ice
 y - a +4 ring of evasion (right hand)
 H - a +5 ring of intelligence
Wands
 i - a wand of acid (14)
 m - a wand of digging (3)
 q - a wand of iceblast (13)
 z - a wand of polymorph (18)
 C - a wand of random effects (10)
 D - a wand of flame (42)
Scrolls
 d - 9 scrolls of teleportation
 h - 7 scrolls of remove curse
 l - 2 scrolls of fear
 n - 3 scrolls of magic mapping
Potions
 g - a potion of degeneration {unknown}
 j - a potion of resistance {unknown}
 o - 3 potions of mutation
 r - a potion of agility
 s - 2 potions of heal wounds
 v - 3 potions of curing
 x - a potion of berserk rage
 A - 2 potions of cancellation
 B - 2 potions of ambrosia
 G - 2 potions of flight {unknown}
Comestibles
 c - 8 rations
 f - a chunk of flesh


   Skills:
 * Level 11.9 Fighting
 * Level 10.1 Axes
 + Level 8.7 Armour
 + Level 6.6 Dodging


You had 10 spell levels left.
You didn't know any spells.
Your spell library was empty.

Dungeon Overview and Level Annotations

Branches:
Dungeon (11/15)            Temple (1/1) D:6            Lair (0/6) D:9
    Orc (0/2) D:10

Altars:
Cheibriados
Hepliaklqana
Kikubaaqudgha
Makhleb
Trog
Uskayaw
Xom
Yredelemnul

Shops:
D:9 *   D:10 ?*??

Annotations:
D:8 exclusion: ice statue


Innate Abilities, Weirdness & Mutations

You are resistant to torment.
Your stone body is resilient. (AC +8)
You are immune to poison.
You resist negative energy. (rN+)
You are resistant to electric shocks. (rElec)
You can survive without breathing.
You are immune to petrification.
You are immune to rotting.


Message History

Your ogre goes berserk!
You are starving!
Your ogre hits the two-headed ogre with a +0 giant spiked club!
The two-headed ogre hits your ogre with a +0 giant club!
The two-headed ogre hits your ogre with a cursed -2 dire flail!
Your ogre hits the two-headed ogre with a +0 giant spiked club!!
The two-headed ogre hits your ogre with a +0 giant club!
Your ogre dies!
Your ogre's corpse disappears in a puff of smoke!
Okay, then.
Eat one of 2 chunks of flesh? (ye/n/q)
Okay, then.
Eat one of 2 chunks of flesh? (ye/n/q)
You eat one of the 2 chunks of flesh.
This raw flesh tastes terrible.
You are feeling very hungry.
Your skin crawls.
You feel resistant to hostile enchantments.
You feel somewhat more hungry.
The two-headed ogre hits you with a +0 giant club!!
You die...

... .. .... ###.
.... ... [..... ..#
. ......##.. ..
......... # .##
.....##.##.#...#
.....#..@#......
#....O......# ##
#.#.O%#.##.## #..
#.##.÷###
###.###......#
#........##.##
#.....#..#....
#.....##...%..^#
#####.....##.#...#.#


You could see a two-headed ogre and an ogre.

Vanquished Creatures
  A two-headed ogre (D:10)
  An unseen horror (D:7)
  The ghost of wiseguy the Destroyer, a novice DEFE of Sif Muna (D:8)
  Pikel (D:8)
  An oklob plant (D:6)
  A kobold demonologist (D:9)
  A freezing wraith (D:11)
  2 trolls (D:10)
  Grinder (D:5)
  3 hippogriffs
  2 wyverns (D:10)
  7 yaks
  Menkaure (D:5)
  A hungry ghost (D:8)
  Duvessa (D:7)
  2 water moccasins (D:8)
  5 orc warriors
  A black bear (D:9)
  2 ice beasts
  4 slaves (D:8)
  An eye of draining (D:10)
  5 ogres
  3 centaurs
  3 phantoms
  10 big kobolds
  4 bullfrogs
  Dowan (D:7)
  4 scorpions
  A water moccasin skeleton (D:9)
  11 killer bees
  4 bullfrog zombies
  4 howler monkeys
  5 crimson imps
  A bullfrog skeleton (D:9)
  A jelly (D:11)
  6 hounds
  7 orc priests
  17 orc wizards
  Jessica (D:3)
  3 iguanas
  Ijyb (D:3)
  13 worker ants
  A howler monkey skeleton (D:6)
  8 adders
  3 gnolls (D:10)
  2 shadow imps
  2 adder zombies (D:5)
  2 adder skeletons
  A worm (D:4)
  A dart slug (D:2)
  4 leopard geckos
  42 orcs
  8 giant cockroaches
  6 goblins
  7 hobgoblins
  6 jackals
  18 kobolds
  A quokka (D:2)
  3 ball pythons
  A ball python skeleton (D:4)
  9 bats
  8 frilled lizards
  A quokka zombie (D:5)
  3 rats
282 creatures vanquished.

Notes
Turn   | Place    | Note
-------+----------+-------------------------------------------
     0 | D:1      | Fang the Gargoyle Berserker began the quest for the Orb.
     0 | D:1      | Reached XP level 1. HP: 14/14 MP: 1/1
    79 | D:1      | Reached XP level 2. HP: 13/19 MP: 2/2
   459 | D:1      | Reached ** piety under Trog
   750 | D:2      | Reached XP level 3. HP: 23/23 MP: 3/3
  1161 | D:2      | Found a hide-covered altar of Uskayaw.
  1191 | D:2      | Reached XP level 4. HP: 27/29 MP: 4/4
  1400 | D:3      | Reached skill level 4 in Fighting
  1401 | D:3      | Reached XP level 5. HP: 25/33 MP: 5/5
  1493 | D:3      | Noticed Ijyb
  1514 | D:3      | Killed Ijyb
  1865 | D:3      | Reached XP level 6. HP: 31/39 MP: 6/6
  1979 | D:3      | Noticed Jessica
  1988 | D:3      | Killed Jessica
  2198 | D:3      | Found a basalt altar of Yredelemnul.
  2301 | D:4      | Reached *** piety under Trog
  2327 | D:4      | Reached skill level 5 in Fighting
  2631 | D:4      | Reached XP level 7. HP: 33/44 MP: 7/7
  3125 | D:4      | Found a burning altar of Makhleb.
  3432 | D:5      | Entered Level 5 of the Dungeon
  3522 | D:5      | Noticed Grinder
  3531 | D:5      | Paralysed by Grinder for 3 turns
  3542 | D:5      | Paralysed by Grinder for 4 turns
  3554 | D:5      | Killed Grinder
  3554 | D:5      | Reached skill level 6 in Fighting
  3554 | D:5      | Reached skill level 5 in Axes
  3554 | D:5      | Reached XP level 8. HP: 42/52 MP: 8/8
  3828 | D:5      | Noticed Menkaure
  3838 | D:5      | Killed Menkaure
  3840 | D:5      | Reached **** piety under Trog
  3840 | D:5      | Reached skill level 5 in Armour
  4158 | D:5      | Reached skill level 7 in Fighting
  4366 | D:6      | Found an ancient bone altar of Kikubaaqudgha.
  4366 | D:6      | Noticed an oklob plant
  4369 | D:6      | Found a staircase to the Ecumenical Temple.
  4793 | D:6      | Killed an oklob plant
  4793 | D:6      | Reached XP level 9. HP: 48/59 MP: 9/9
  4857 | Temple   | Entered the Ecumenical Temple
  4937 | D:6      | Reached skill level 8 in Fighting
  4982 | D:6      | Found a hazy altar of Hepliaklqana.
  5188 | D:6      | Found a shimmering altar of Xom.
  5950 | D:7      | HP: 2/60 [something (5)]
  6529 | D:7      | HP: 3/60 [something (7)]
  7303 | D:7      | Killed an unseen horror
  7303 | D:7      | Reached skill level 9 in Fighting
  7536 | D:7      | Reached skill level 5 in Dodging
  7549 | D:7      | Reached XP level 10. HP: 60/66 MP: 10/10
  7591 | D:7      | Noticed Dowan
  7591 | D:7      | Noticed Duvessa
  7604 | D:7      | Killed Duvessa
  7606 | D:7      | Killed Dowan
  7880 | D:8      | Noticed Pikel
  7898 | D:8      | Killed Pikel
  8007 | D:8      | Noticed an ice statue
  8157 | D:8      | Found a runed translucent door.
  8158 | D:8      | Noticed wiseguy's ghost (novice DEFE)
  8176 | D:8      | Reached skill level 10 in Fighting
  8185 | D:8      | Received a gift from Trog
  8350 | D:8      | Found a snail-covered altar of Cheibriados.
  8836 | D:8      | Killed wiseguy's ghost
  9164 | D:9      | Reached XP level 11. HP: 62/73 MP: 11/11
  9172 | D:9      | Found a bloodstained altar of Trog.
  9318 | D:9      | Found Xazaw's General Store.
  9440 | D:9      | Reached ***** piety under Trog
  9446 | D:9      | Found a staircase to the Lair.
  9713 | D:9      | Reached skill level 11 in Fighting
  9790 | D:10     | Entered Level 10 of the Dungeon
  9825 | D:10     | Found Wowki's Magic Scroll Shoppe.
  9919 | D:10     | Received a gift from Trog
 10004 | D:10     | Found Votzogeh's General Store.
 10102 | D:10     | Found Giomatyuq's Magic Scroll Shop.
 10153 | D:10     | Found Tualunih's Magic Scroll Shop.
 10154 | D:10     | Noticed a two-headed ogre
 10163 | D:10     | Killed a two-headed ogre
 10310 | D:10     | Found a staircase to the Orcish Mines.
 10676 | D:11     | Reached skill level 10 in Axes
 10716 | D:11     | Noticed a two-headed ogre
 10725 | D:11     | Slain by a two-headed ogre

Skill      XL: |  1  2  3  4  5  6  7  8  9 10 11 |
---------------+----------------------------------+-----
Axes           | 3 4 5 6 7 9 10 | 10.1
Dodging        | 2 3 4 5 6 |  6.6
Armour         | 3 4 5 6 7 8 |  8.7
Fighting       | 4 5 6 7 9 10 11 | 11.9

Action                   |  1- 3 |  4- 6 |  7- 9 | 10-12 || total
-------------------------+-------+-------+-------+-------++-------
Melee: Hand axe          |   123 |   186 |   242 |       ||   551
       Battleaxe         |       |       |   156 |   473 ||   629
Invok: Berserk           |     1 |     2 |     8 |     5 ||    16
       Trog's Hand       |       |       |     6 |     2 ||     8
       Brothers in Arms  |       |       |       |     1 ||     1
  Use: Scroll            |       |       |     1 |    21 ||    22
  Eat: Chunk             |     2 |     7 |    17 |    16 ||    42
       Ration            |       |       |     3 |     1 ||     4
Armor: Animal skin       |    59 |    25 |       |       ||    84
       Chain mail        |       |    98 |   518 |    80 ||   696
       Plate armour      |       |       |       |   317 ||   317
Dodge: Dodged            |   103 |    97 |   282 |   554 ||  1036
